 Dungeon Crawl Stone Soup version 0.19-a0-975-gfff5315 (webtiles) character file.

9721 4thArraOfDagon the Grappler (level 11, -3/94 HPs)
             Began as a Troll Earth Elementalist on July 13, 2016.
             Was a High Priest of Vehumet.
             Slain by a seven-headed hydra (7 damage)
             ... on level 14 of the Dungeon.
             The game lasted 00:24:35 (4786 turns).

4thArraOfDagon the Grappler (TrEE)                  Turns: 4786, Time: 00:24:36

Health: -3/94      AC:  8    Str: 17 (18) XL:     11   Next: 26%
Magic:  11/11      EV: 13    Int: 14      God:    Vehumet [*****.]
Gold:   269        SH:  0    Dex: 12      Spells: 2 memorised, 9 levels left

rFire  . . .     SeeInvis .       - Unarmed
rCold  + . .     Gourm    +     y - +2 robe {MR+}
rNeg   . . .     Faith    .     (no shield)
rPois  +         Spirit   .     (helmet restricted)
rElec  .         Dismiss  .     q - +0 cloak
rCorr  .         Reflect  .     (gloves unavailable)
SustAt .         Harm     .     (boots unavailable)
MR     +....                    o - amulet of magic regeneration
Stlth  +.........               (no ring)
                                C - ring of poison resistance

@: about to teleport, somewhat resistant to hostile enchantments, very
unstealthy
A: unfitting armour, claws 3, agile 1, cold resistance 1, deterioration 1, fast
metabolism 3, frail 1, gourmand, poison resistance, regeneration 3, shaggy fur
1, tough skin 2
a: Renounce Religion


You were on level 14 of the Dungeon.
You worshipped Vehumet.
Vehumet was extremely pleased with you.
You were full.

You visited 1 branch of the dungeon, and saw 14 of its levels.
You also visited: Sewer.

You collected 539 gold pieces.
You spent 270 gold pieces at shops.

Inventory:

Hand Weapons
 w - a +0 giant spiked club
Missiles
 j - 3 large rocks (quivered)
Armour
 c - a +0 robe
 q - a +0 cloak (worn)
 y - a +2 robe of magic resistance (worn)
Jewellery
 o - an amulet of magic regeneration (around neck)
 C - a ring of poison resistance (left claw)
Wands
 H - a wand of paralysis (3/24)
 J - a wand of heal wounds (0/9)
Scrolls
 a - 2 scrolls of teleportation
 f - 2 scrolls of enchant armour {unknown}
 g - 4 scrolls of blinking {unknown}
 i - a scroll of noise {unknown}
 k - 3 scrolls of fear {unknown}
 n - 3 scrolls of recharging
 p - 4 scrolls of remove curse {unknown}
 r - 2 scrolls of random uselessness {unknown}
 s - 3 scrolls of magic mapping {unknown}
 t - 2 scrolls of fog {unknown}
 v - 3 scrolls of amnesia {unknown}
 x - 2 scrolls of immolation {unknown}
 E - a scroll of enchant weapon {unknown}
Potions
 b - a potion of lignification {unknown}
 h - 2 potions of agility
 l - a potion of cure mutation
 u - a potion of magic
 z - 2 potions of curing
 D - a potion of haste
 F - a potion of degeneration
 G - a potion of flight {unknown}
 I - a potion of brilliance {unknown}
Books
 e - a book of Geomancy

   Spells                             Type                      Level
   a - Sandblast                      Earth                        1
   b - Passwall                       Transmutation/Earth          2
   c - Stone Arrow                    Conjuration/Earth            3
   d - Petrify                        Transmutation/Earth          4
   e - Lee's Rapid Deconstruction     Earth                        5
Comestibles
 d - 6 bread rations
 B - 2 meat rations


   Skills:
 + Level 6.0 Fighting
 + Level 6.6 Dodging
 - Level 1.1 Stealth
 * Level 11.6 Unarmed Combat
 - Level 1.2 Spellcasting
 - Level 2.1 Transmutations
 * Level 7.3 Earth Magic


You had 9 spell levels left.
You knew the following spells:

 Your Spells              Type           Power        Failure   Level  Hunger
a - Sandblast             Erth           ###...       1%          1    ##.....
b - Passwall              Tmut/Erth      ##........   6%          2    ###....


Dungeon Overview and Level Annotations

Branches:
Dungeon (14/15)            Temple (0/1) D:4             Orc (0/2) D:10
   Lair: D:8-11      Vaults: D:13-14

Altars:
Gozag
Uskayaw
Vehumet
Xom
Yredelemnul
The Shining One

Shops:
D:4 (   D:10 *

Annotations:
D:10 Erica; Urug
D:11 4thArraOfDagon's ghost, novice TrEE
D:12 Erolcha
D:14 Kirke


Innate Abilities, Weirdness & Mutations

You are too large for most types of armour.
You have claws for hands.
Your metabolism is lightning-fast.
You like to eat raw meat.
You regenerate.
You are covered in fur. (AC +1)
You have very tough skin. (AC +2)
You are agile. (Dex +2)
Your flesh is cold resistant. (rC+)
Your body sometimes deteriorates upon taking damage.
You are frail. (-10% HP)
Your system is resistant to poisons. (rPois)


Message History

The seven-headed hydra bites you.
* * * LOW HITPOINT WARNING * * *
The seven-headed hydra bites you!
* * * LOW HITPOINT WARNING * * *
A hog comes into view.
Unknown command.
Evoke which item? (* to show all) (? for menu, Esc to quit)
Zapping:
J - a wand of heal wounds (will waste charges)
Press: ? - help, Shift-Dir - straight line, f - you You feel much better.
Evoking this partially-identified wand wasted a few charges.
The seven-headed hydra bites you!
* * * LOW HITPOINT WARNING * * *
The seven-headed hydra misses you. The seven-headed hydra bites you.
* * * LOW HITPOINT WARNING * * *
The seven-headed hydra barely misses you.
The seven-headed hydra bites you!
* * * LOW HITPOINT WARNING * * *
The seven-headed hydra bites you!
You die... . #####.... #@....# #D###.... .Th

# ≈≈..#
≈≈≈h.#
≈≈≈≈..#
#≈≈≈@..#
#hhhh..#


You could see Kirke, a seven-headed hydra, a troll and 6 hogs.

Vanquished Creatures
  A skeletal warrior (D:12)
  Pikel (D:6)
  2 hill giants
  An ugly thing (D:12)
  Joseph (D:9)
  A centaur zombie (D:12)
  A komodo dragon (D:12)
  A two-headed ogre (D:10)
  13 yaks (D:12)
  2 hippogriffs
  3 hungry ghosts
  A water moccasin (D:12)
  3 orc warriors
  2 ice beasts
  A slave (D:6)
  An eye of draining (D:9)
  3 sky beasts
  A black bear (D:9)
  A centaur (D:6)
  5 ogres
  A big kobold (D:10)
  8 giant frogs
  2 troll zombies (D:10)
  3 scorpions
  5 howler monkeys
  2 giant frog zombies
  3 hounds
  A jelly (D:9)
  7 orc priests
  10 orc wizards
  2 giant frog skeletons
  5 iguanas
  4 worker ants
  An ogre zombie (D:10)
  A hound skeleton (D:4)
  12 adders
  A gnoll (D:3)
  2 shadow imps
  4 oozes
  An adder skeleton (D:4)
  2 worms
  A dart slug (D:1)
  12 giant geckos
  29 orcs
  3 giant cockroaches
  4 goblins
  5 hobgoblins
  4 jackals
  3 quokkas
  4 ball pythons
  9 bats
  A giant gecko zombie (D:5)
  5 giant newts
  2 hobgoblin skeletons (D:10)
  A hobgoblin zombie (D:10)
  11 kobolds
  2 orc skeletons (D:10)
  5 orc zombies (D:10)
  A quokka skeleton (D:5)
  A rat (D:1)
  A plant (Sewer)
226 creatures vanquished.

Vanquished Creatures (others)
  A plant (D:10)
1 creature vanquished.

Grand Total: 227 creatures vanquished

Notes
Turn   | Place    | Note
-------+----------+-------------------------------------------
     0 | D:1      | 4thArraOfDagon the Troll Earth Elementalist began the quest for the Orb.
     0 | D:1      | Reached XP level 1. HP: 16/16 MP: 1/1
    38 | D:1      | Reached skill level 1 in Unarmed Combat
   129 | D:1      | Gained mutation: Your muscles are strong. (Str +2) [potion of beneficial mutation]
   202 | D:1      | Reached XP level 2. HP: 24/24 MP: 2/2
   274 | D:1      | Reached skill level 2 in Unarmed Combat
   380 | D:2      | Found a faded altar of an unknown god.
   387 | D:2      | Became a worshipper of Vehumet
   387 | D:2      | Reached * piety under Vehumet
   387 | D:2      | Offered knowledge of Freeze by Vehumet.
   408 | D:2      | Found a shimmering altar of Xom.
   408 | D:2      | Found a shimmering altar of Xom.
   408 | D:2      | Found a shimmering altar of Xom.
   409 | D:2      | Found a shimmering altar of Xom.
   484 | D:3      | Reached XP level 3. HP: 25/31 MP: 3/3
   512 | D:3      | Reached skill level 3 in Unarmed Combat
   664 | D:2      | Reached XP level 4. HP: 39/39 MP: 4/4
   743 | D:3      | Reached skill level 4 in Unarmed Combat
   800 | D:4      | Reached XP level 5. HP: 32/45 MP: 5/5
   809 | D:4      | Found Epru's Weapon Shoppe.
   850 | D:2      | Reached ** piety under Vehumet
   908 | D:4      | Reached skill level 5 in Unarmed Combat
   950 | D:4      | Found a staircase to the Ecumenical Temple.
  1012 | D:5      | Entered Level 5 of the Dungeon
  1027 | D:5      | Offered knowledge of Throw Flame by Vehumet.
  1058 | D:5      | Found a glowing drain.
  1069 | D:5      | Found an opulent altar of Gozag.
  1128 | Sewer    | Entered a sewer
  1292 | Sewer    | Reached XP level 6. HP: 54/54 MP: 6/6
  1436 | D:5      | Reached skill level 1 in Fighting
  1472 | D:5      | Offered knowledge of Ignite Poison by Vehumet.
  1474 | D:5      | Noticed a hand axe
  1476 | D:5      | Noticed a dagger
  1484 | D:5      | Found a hide-covered altar of Uskayaw.
  1565 | D:5      | Reached skill level 6 in Unarmed Combat
  1637 | D:4      | Found a basalt altar of Yredelemnul.
  1675 | D:5      | Found a glowing golden altar of the Shining One.
  1768 | D:6      | Reached XP level 7. HP: 43/62 MP: 7/7
  1842 | D:6      | Reached *** piety under Vehumet
  1955 | D:6      | Noticed Pikel
  1972 | D:6      | Reached skill level 7 in Unarmed Combat
  1981 | D:6      | Killed Pikel
  1981 | D:6      | Reached XP level 8. HP: 57/75 MP: 8/8
  2082 | D:7      | Reached skill level 8 in Unarmed Combat
  2089 | D:7      | Gained mutation: Your magical capacity is low. (-10% MP) [mutagenic meat]
  2092 | D:7      | Gained mutation: You are agile. (Dex +2) [mutagenic meat]
  2341 | D:7      | Gained mutation: You are frail. (-10% HP) [mutagenic meat]
  2347 | D:7      | Lost mutation: Your muscles are strong. (Str +2) [mutagenic meat]
  2350 | D:7      | Lost mutation: Your magical capacity is low. (-10% MP) [mutagenic meat]
  2377 | D:8      | Noticed a hill giant
  2382 | D:8      | Killed a hill giant
  2382 | D:8      | Reached skill level 9 in Unarmed Combat
  2382 | D:8      | Reached XP level 9. HP: 75/75 MP: 9/9
  2490 | D:10     | Entered Level 10 of the Dungeon
  2541 | D:10     | Offered knowledge of Static Discharge by Vehumet.
  2629 | D:10     | Noticed Erica
  2652 | D:9      | Noticed Joseph
  2669 | D:9      | Killed Joseph
  2669 | D:9      | Reached skill level 5 in Dodging
  2863 | D:9      | Found a radiant altar of Vehumet.
  2891 | D:9      | Reached skill level 10 in Unarmed Combat
  2930 | D:9      | Gained mutation: Your magical capacity is low. (-10% MP) [potion of mutation]
  2930 | D:9      | Gained mutation: You are resistant to hostile enchantments. (MR+) [potion of mutation]
  2930 | D:9      | Gained mutation: Your body sometimes deteriorates upon taking damage. [potion of mutation]
  2987 | D:10     | Found Hyif Ebbofud's Assorted Antiques.
  3066 | D:10     | Bought a scroll labeled BAIFROONEEN for 23 gold pieces
  3066 | D:10     | Bought a scroll labeled COENAWAPPYSK for 23 gold pieces
  3066 | D:10     | Bought a scroll labeled KOJOUSHR VARE for 23 gold pieces
  3066 | D:10     | Bought a scroll labeled BOIPTE MOCWIFF for 23 gold pieces
  3066 | D:10     | Bought a bubbling yellow potion for 20 gold pieces
  3066 | D:10     | Bought a lumpy grey potion for 20 gold pieces
  3066 | D:10     | Bought a jewelled fluorescent wand for 92 gold pieces
  3066 | D:10     | Bought a scroll of identify for 46 gold pieces
  3081 | D:10     | Reached **** piety under Vehumet
  3089 | D:10     | Found a staircase to the Orcish Mines.
  3199 | D:11     | Reached skill level 5 in Fighting
  3236 | D:11     | Reached XP level 10. HP: 36/86 MP: 9/9
  3242 | D:11     | Offered knowledge of Yara's Violent Unravelling by Vehumet.
  3250 | D:11     | Learned a level 2 spell: Passwall
  3284 | D:11     | Noticed 4thArraOfDagon's ghost (novice TrEE)
  3284 | D:11     | Reached skill level 5 in Earth Magic
  3382 | D:10     | HP: 4/86 [troll zombie (8)]
  3540 | D:10     | Reached skill level 1 in Transmutations
  3556 | D:10     | Noticed Urug
  3705 | D:13     | Noticed a skeletal warrior
  3705 | D:13     | Noticed a skeletal warrior
  3705 | D:13     | Noticed a skeletal warrior
  3705 | D:13     | Noticed a skeletal warrior
  3747 | D:12     | Killed a skeletal warrior
  3886 | D:12     | Noticed a manticore
  4023 | D:12     | Reached skill level 11 in Unarmed Combat
  4149 | D:12     | Reached ***** piety under Vehumet
  4224 | D:12     | Noticed a manticore
  4387 | D:12     | Offered knowledge of Poisonous Cloud by Vehumet.
  4421 | D:12     | Reached XP level 11. HP: 93/94 MP: 10/10
  4488 | D:12     | Noticed Erolcha
  4546 | D:12     | Noticed a green ugly thing
  4562 | D:12     | Killed a green ugly thing
  4587 | D:12     | Gained mutation: You regenerate. [mutagenic meat]
  4590 | D:12     | Gained mutation: Your system is resistant to poisons. (rPois) [mutagenic meat]
  4593 | D:12     | Gained mutation: Your flesh is cold resistant. (rC+) [mutagenic meat]
  4599 | D:12     | Lost mutation: Your magical capacity is low. (-10% MP) [mutagenic meat]
  4602 | D:12     | Gained mutation: Your spells are a little harder to cast, but a little more powerful. [mutagenic meat]
  4605 | D:12     | Lost mutation: You are resistant to hostile enchantments. (MR+) [mutagenic meat]
  4608 | D:12     | Gained mutation: You are very frail. (-20% HP) [mutagenic meat]
  4611 | D:12     | Lost mutation: Your spells are a little harder to cast, but a little more powerful. [mutagenic meat]
  4614 | D:12     | Lost mutation: You are very frail. (-20% HP) [mutagenic meat]
  4722 | D:13     | Noticed a hill giant
  4726 | D:13     | Killed a hill giant
  4782 | D:14     | Noticed a seven-headed hydra
  4784 | D:14     | Noticed Kirke
  4786 | D:14     | HP: 4/94 [seven-headed hydra (16)]
  4786 | D:14     | Slain by a seven-headed hydra

Vault maps used:
D:1:      saegor_arrival_simple_b, st_stairs_10, hangedman_decor_points
D:2:      ecumenical_altar_2, xom_redecorated
D:3:      kennysheep_six_static_rooms, lightli_temple_of_fire
D:4:      overflow_temple_1_default, kennysheep_mini_moat, serial_shops,
          nicolae_shop_temple_entry_statues_fountains, first_bread
D:5:      nicolae_gozag_seed_capital, dancing_weapons_uskayaw, tso_metal_star,
          portal_sewer_entry_f
D:6:      nicolae_overflow_crystal_walls, fedhas_altar_4, uniq_pikel,
          uniq_prince_ribbit1
D:7:      minmay_cornered_nines
D:8:      basic_altar, david_nohive_1, st_stairs_8
D:9:      lemuel_crystal_altar, grunt_qazlal_clouds, vehumet_crystals,
          minmay_holes, minmay_misc_feat_four_crosses, uniq_joseph
D:10:     erik_lair_orcish_takeover, zombieorc2_lemuel, serial_shops,
          nicolae_shop_overgrown_old_shop, nicolae_ru_the_path_less_chosen,
          uniq_urug, uniq_erica
D:11:     minmay_gate_of_8
D:12:     uniq_erolcha
D:14:     grunt_vaults_entry_fortified, hangedman_abyss_or_decor_lesser_grid,
          minivault_1, uniq_kirke
Sewer:    sewer_co_scattered_pipes

Skill      XL: |  1  2  3  4  5  6  7  8  9 10 11 |
---------------+----------------------------------+-----
Unarmed Combat | 1 2 3 4 5 6 7 9 10 11 | 11.6
Dodging        | 2 3 4 5 6 |  6.6
Fighting       | 1 3 4 5 6 |  6.0
Earth Magic    | 3 4 6 7 |  7.3
Transmutations | 2 |  2.1
Stealth        | |  1.1
Spellcasting   | |  1.2

Action                   |  1- 3 |  4- 6 |  7- 9 | 10-12 || total
-------------------------+-------+-------+-------+-------++-------
Melee: Unarmed           |    88 |   166 |   277 |   271 ||   802
       Punch             |       |     1 |     5 |    15 ||    21
Throw: Large rock        |       |     1 |     4 |    12 ||    17
Evoke: Wand              |       |       |       |     4 ||     4
  Use: Potion            |     1 |       |     3 |     4 ||     8
       Scroll            |       |     2 |     8 |     7 ||    17
 Stab: Sleeping          |     1 |     1 |     2 |     3 ||     7
       Paralysed         |       |       |       |     6 ||     6
  Eat: Chunk             |    10 |     9 |    23 |    24 ||    66
       Royal jelly       |       |       |       |     2 ||     2
Armor: Robe              |    29 |    46 |    99 |    55 ||   229
Dodge: Dodged            |    59 |    69 |   141 |   142 ||   411
